 Dungeon Crawl Stone Soup version 0.30-a0-632-g346586fe48 (webtiles) character file.

Game seed: 14849965952657902159

30 acebull12 the Chopper (level 3, 0/33 HPs)
             Began as a Minotaur Monk on Jan 13, 2023.
             Killed from afar by Sigmund (3 damage)
             ... with a magic dart
             ... on level 2 of the Dungeon.
             The game lasted 00:01:44 (620 turns).

acebull12 the Chopper (Minotaur Monk)                Turns: 620, Time: 00:01:44

Health: 0/33       AC:  8    Str: 17    XL:     3   Next: 3%
Magic:  2/2        EV: 10    Int:  7    God:
Gold:   14         SH:  0    Dex: 12    Spells: 2/2 levels left

rFire   . . .      SeeInvis .    a - +0 hand axe
rCold   . . .      Faith    .    (no shield)
rNeg    + . .      Spirit   .    h - +2 scale mail {rN+}
rPois   .          Reflect  .    (helmet restricted)
rElec   .          Harm     .    (no cloak)
rCorr   .          Rampage  .    (no gloves)
Will    .....                    (no boots) Stlth
                                 (no amulet)
HPRegen 0.25/turn                (no ring)
MPRegen 0.08/turn                (no ring)

@: studying Maces & Flails
A: horns 2, retaliatory headbutt
a: no special abilities


You were on level 2 of the Dungeon.
You visited 1 branch of the dungeon, and saw 2 of its levels.

You collected 14 gold pieces.

Inventory:

Hand Weapons
 a - a +0 hand axe (weapon)
Armour
 b - a +0 robe
 h - a +2 scale mail of positive energy (worn)
Scrolls
 d - 2 scrolls of identify {unknown}
 f - a scroll of torment {unknown}
 j - a scroll of blinking {unknown}
 k - a scroll of amnesia {unknown}
 o - a scroll of poison {unknown}
 p - a scroll of silence {unknown}
Potions
 c - a potion of ambrosia
 e - a potion of might {unknown}
 g - a potion of degeneration {unknown}
 i - 2 potions of heal wounds {unknown}
 l - a potion of flight {unknown}
 m - 3 potions of attraction {unknown}
 n - a potion of curing {unknown}


   Skills:
 + Level 3.9 Fighting
 * Level 4.9 Axes
 * Level 0.1 Armour
 + Level 3.2 Dodging
 + Level 1.5 Stealth


You had 2 spell levels left.
You didn't know any spells.
Your spell library contained the following spells:

 Spells                   Type           Power      Damage    Failure   Level
 Olgreb's Toxic Radiance  Pois           0%         N/A       100%        4
 Ozocubu's Refrigeration  Ice            0%         4d7       100%        7
 Ignition                 Fire           0%         3d3       100%        8


Dungeon Overview and Level Annotations

Branches:
Dungeon (2/15)

Altars:
The Shining One

Annotations:
D:2 Sigmund


Innate Abilities, Weirdness & Mutations

You have a pair of horns on your head.
You reflexively headbutt those who attack you in melee.


Message History

You hit the kobold.
You kill the kobold!
You hit the rat.
You kill the rat!
Sigmund hits you from afar with a +3 scythe of freezing!
Sigmund freezes you.
Items here: ( ) = ††.
Sigmund hits you with a +3 scythe of freezing!
Sigmund freezes you.
You are too injured to fight recklessly!
You are too injured to fight recklessly!
You hit Sigmund.
Sigmund is lightly wounded.
You slash Sigmund!
Sigmund is heavily wounded.
Sigmund points at you and mumbles some strange words.
The puff of flame hits you.
* * * LOW HITPOINT WARNING * * *
You barely miss Sigmund. Your headbutt misses Sigmund.
Sigmund is heavily wounded.
Sigmund gestures at you while chanting. You resist with significant effort.
You hit Sigmund.
Sigmund is heavily wounded.
Sigmund casts a spell.
Sigmund flickers and vanishes!
Deactivating autopickup; reactivate with Ctrl-A.
You hit something. Something hits you.
* * * LOW HITPOINT WARNING * * *
Something freezes you.
* * * LOW HITPOINT WARNING * * *
You completely miss something. Something hits you.
* * * LOW HITPOINT WARNING * * *
Something freezes you.
* * * LOW HITPOINT WARNING * * *
You hit something but do no damage.
You hear some strange, mumbled words.
A magic dart appears from out of thin air!
The magic dart hits you.
You die...

#.# ##.### #....# #....#
#....# #....#
########.#############
#>....................
######^†.###...)@{......
........................
..........##............
..........##............
..........##............
..........##............
..........##............
..........##............
..........#


There were no monsters in sight!

Vanquished Creatures
  3 bats
  4 endoplasms
  A giant cockroach (D:1)
  A goblin (D:1)
  3 jackals (D:1)
  3 kobolds
  A quokka (D:1)
  5 ball pythons
  A frilled lizard (D:1)
  5 rats
27 creatures vanquished.

Notes
Turn   | Place    | Note
-------+----------+-------------------------------------------
     0 | D:1      | acebull12 the Minotaur Monk began the quest for the Orb.
     0 | D:1      | Reached XP level 1. HP: 19/19 MP: 0/0
     0 | D:1      | Noticed a minotaur
     0 | D:1      | Noticed a gargoyle
     1 | D:1      | Noticed a vine stalker
     2 | D:1      | Noticed a dwarf
     4 | D:1      | Noticed a demigod
     4 | D:1      | Noticed a merfolk
     6 | D:1      | Noticed a gargoyle
     8 | D:1      | Noticed a tengu
     9 | D:1      | Noticed an elf
    13 | D:1      | Noticed a draconian
    17 | D:1      | Noticed a troll
    17 | D:1      | Noticed a merfolk
    19 | D:1      | Noticed a barachi
    19 | D:1      | Noticed a vampire
    21 | D:1      | Noticed a ghoul
    64 | D:1      | Reached skill level 4 in Axes
   140 | D:1      | Reached XP level 2. HP: 27/27 MP: 1/1
   568 | D:2      | Found a glowing golden altar of the Shining One.
   601 | D:2      | Reached XP level 3. HP: 33/33 MP: 2/2
   608 | D:2      | Noticed Sigmund
   620 | D:2      | Killed from afar by Sigmund

Illustrated notes

Levels and vault maps discovered:
D:1:      shiori_arrival_whats_in_store_for_you, layout_rooms
D:2:      minmay_recursive_quarters, layout_basic, basic_altar, uniq_natasha,
          uniq_sigmund

Skill      XL: |  1 |
---------------+----+-----
Axes           | 4 |  4.9
Fighting       | |  3.9
Armour         | |  0.1
Dodging        | |  3.2
Stealth        | |  1.5

Action                   || total
-------------------------++-------
Melee: Hand axe          ||    52
       Headbutt          ||     7
       Punch             ||     2
Armor: Robe              ||     1
       Scale mail        ||    11
Dodge: Dodged            ||    28

Table legend: (Time is in decaauts)
 A = Elapsed time spent in this place.
 B = Non-inter-level travel time spent in this place.
 C = Inter-level travel time spent in this place.
 D = Time resting spent in this place.
 E = Time spent auto-exploring this place.
 F = Levels seen in this place.
 G = Mean time per level.
                   A        B        C        D        E       F      G
               +--------+--------+--------+--------+--------+-----+--------+
         Total |    625 |    559 |     66 |      0 |    388 |   2 |  312.5 |
       Dungeon |    625 |    559 |     66 |      0 |    388 |   2 |  312.5 |
               +--------+--------+--------+--------+--------+-----+--------+

Top non-repeatable levels by time:
     D:1: 566 daAuts
     D:2: 58 daAuts
